 Dungeon Crawl Stone Soup version 0.28-a0-1395-g4f6bc678fa (webtiles) character file.

Game seed: 3999359711157030137

228 Cheeritup the Cleaver (level 6, -7/51 HPs)
             Began as a Hill Orc Fighter on Jan 4, 2022.
             Was an Initiate of Okawaru.
             Mangled by Edmund (9 damage)
             ... in the Ecumenical Temple.
             The game lasted 00:14:55 (4191 turns).

Cheeritup the Cleaver (Hill Orc Fighter)            Turns: 4191, Time: 00:14:56

Health: -7/51      AC:  9    Str: 21    XL:     6   Next: 2%
Magic:  6/6        EV:  9    Int:  8    God:    Okawaru [......]
Gold:   171        SH:  4    Dex: 10    Spells: 5/5 levels left

rFire   + . .      SeeInvis .   a - +0 war axe
rCold   + . .      Faith    .   c - +0 buckler
rNeg    . . .      Spirit   .   b - +0 scale mail
rPois   .          Reflect  .   (no helmet)
rElec   .          Harm     .   n - scarf {rC+ rF+}
rCorr   .          Rampage  .   g - +1 pair of gloves
Will    .....                   (no boots)
Stlth   ..........              (no amulet)
HPRegen 0.17/turn               k - ring of flight
MPRegen 0.10/turn               (no ring)

@: flying, studying Staves
A: no striking features
a: Renounce Religion


You were in the Ecumenical Temple.
You worshipped Okawaru.
Okawaru was noncommittal.
You visited 2 branches of the dungeon, and saw 6 of its levels.

You collected 171 gold pieces.

Inventory:

Hand Weapons
 a - a +0 war axe (weapon)
Armour
 b - a +0 scale mail (worn)
 c - a +0 buckler (worn)
 g - a +1 pair of gloves (worn)
 j - a +0 chain mail
 n - a scarf of resistance (worn)
Jewellery
 k - a ring of flight (left hand)
 l - a ring of flight
Scrolls
 e - 3 scrolls of identify
 h - a scroll of magic mapping
Potions
 d - a potion of cancellation
 i - 4 potions of curing


   Skills:
 - Level 3.6 Fighting
 + Level 8.0 Axes
 - Level 3.2 Armour
 - Level 3.2 Shields


You had 5 spell levels left.
You didn't know any spells.
Your spell library contained the following spells:

 Spells                   Type           Power      Damage    Failure   Level
 Shock                    Conj/Air       0%         1d3       78%         1
 Sublimation of Blood     Necr           0%         N/A       89%         2
 Wereblood                Tmut           0%         N/A       89%         2
 Dazzling Flash           Conj/Hex       0%         N/A       98%         3
 Swiftness                Air            0%         N/A       98%         3
 Airstrike                Air            0%         N/A       100%        4
 Iskenderun's Mystic Bla  Conj/Tloc      0%         2d3       100%        4
 Starburst                Conj/Fire      0%         6d3       100%        6
 Summon Hydra             Summ           Unusable   N/A       N/A         7

Dungeon Overview and Level Annotations

Branches:
Dungeon (5/15)             Temple (1/1) D:5

Altars:
Ashenzari
Dithmenos
Fedhas
Gozag
Hepliaklqana
Kikubaaqudgha
Makhleb
Nemelex Xobeh
Okawaru
Qazlal
Ru
Sif Muna
Uskayaw
Vehumet
Wu Jian
Yredelemnul
Zin
The Shining One

Annotations:
D:4 3 runed translucent doors, technosentience's ghost, amateur TrBe
Temple Edmund


Message History

Edmund hits you with a +5 flail of protection.
* * * LOW HITPOINT WARNING * * *
You fly downwards.
Welcome back to the Ecumenical Temple!
There is a staircase back to the Dungeon here.
Throw: 3 javelins
Press: ? - help, Q - select action Shift-Dir - straight line, f - Edmund
Aim: Edmund, wielding a +5 flail of protection, wearing a +0 leather armour and carrying a wand of flame (19) (lightly wounded, 56% to hit)
You throw a javelin.
The javelin pierces through Edmund but does no damage.
Edmund is lightly wounded.
Edmund zaps a wand.
The puff of flame hits you. You resist.
* * * LOW HITPOINT WARNING * * *
Edmund zaps a wand.
The puff of flame hits you. You resist.
* * * LOW HITPOINT WARNING * * *
Throw: 2 javelins
Press: ? - help, Q - select action Shift-Dir - straight line, f/p - Edmund
Aim: Edmund, wielding a +5 flail of protection, wearing a +0 leather armour and carrying a wand of flame (17) (lightly wounded, 56% to hit)
You throw a javelin. The javelin closely misses Edmund.
Edmund hits you with a +5 flail of protection.
* * * LOW HITPOINT WARNING * * *
Throw: javelin
Press: ? - help, Q - select action Shift-Dir - straight line, f/p - Edmund
Aim: Edmund, wielding a +5 flail of protection, wearing a +0 leather armour and carrying a wand of flame (17) (lightly wounded, 56% to hit)
You throw a javelin. The javelin closely misses Edmund.
Edmund hits you but does no damage. Edmund closely misses you.
You hit Edmund.
Edmund is moderately wounded.
Edmund hits you with a +5 flail of protection.
* * * LOW HITPOINT WARNING * * *
You completely miss Edmund.
Edmund is moderately wounded.
Edmund closely misses you.
You slash Edmund!
Edmund is heavily wounded.
Edmund hits you with a +5 flail of protection.
* * * LOW HITPOINT WARNING * * *
You slash Edmund!
Edmund is almost dead.
Edmund hits you with a +5 flail of protection!
You die...

...≈≈≈≈≈...≈≈≈≈._.≈≈≈≈...≈≈≈≈≈...
≈≈≈≈≈≈≈≈._.≈≈≈≈...≈≈≈≈.♣.≈≈≈≈≈≈≈≈
≈≈≈≈≈≈≈≈...≈≈≈≈≈≈≈≈≈≈≈...≈≈≈≈≈≈≈≈
≈...≈≈≈≈≈≈≈≈≈≈≈≈≈≈≈≈≈≈≈≈≈≈≈≈≈...≈
≈.⌠.≈≈≈≈≈≈≈≈≈≈≈≈≈≈≈≈≈≈≈≈≈≈≈≈≈._.≈
≈...≈≈≈≈≈≈≈≈≈≈≈≈≈≈≈≈≈≈≈≈≈≈≈≈≈...≈
≈≈≈≈≈≈≈≈≈≈≈≈≈≈≈...≈≈≈≈≈≈≈≈≈≈≈≈≈≈≈
≈≈≈≈≈≈≈...≈≈≈≈.....≈≈≈≈...≈≈≈≈≈≈≈
≈≈≈≈≈≈≈._.≈≈≈≈..@..≈≈≈≈._.≈≈≈≈≈≈≈
≈≈≈≈≈≈≈...≈≈≈≈..@..≈≈≈≈...≈≈≈≈≈≈≈
≈≈≈≈≈≈≈≈≈≈≈≈≈≈≈...≈≈≈≈≈≈≈≈≈≈≈≈≈≈≈
≈...≈≈≈≈≈≈≈≈≈≈≈≈≈≈≈≈≈≈≈≈≈≈≈≈≈...≈
≈._.≈≈≈≈≈≈≈≈≈≈≈≈≈≈≈≈≈≈≈≈≈≈≈≈≈.⌠.≈
≈...≈≈≈≈≈≈≈≈≈≈≈≈≈≈≈≈≈≈≈≈≈≈≈≈≈...≈
≈≈≈≈≈≈≈≈...≈≈≈≈≈≈≈≈≈≈≈...≈≈≈≈≈≈≈≈
≈≈≈≈≈≈≈≈.♣.≈≈≈≈.(.≈≈≈≈._.≈≈≈≈≈≈≈≈
...≈≈≈≈≈...≈≈≈≈._.≈≈≈≈...≈≈≈≈≈...


You could see Edmund.

Vanquished Creatures
  A necrophage (D:3)
  A hound (D:5)
  2 adders
  An adder skeleton (D:4)
  A worm (D:2)
  4 dart slugs
  7 ball pythons
  10 endoplasms
  2 giant cockroaches (D:1)
  6 goblins
  6 hobgoblins
  8 jackals
  8 kobolds
  2 quokkas
  5 bats
  6 frilled lizards
  4 rats (D:1)
74 creatures vanquished.

Vanquished Creatures (others)
  2 fungi (D:2)
  2 plants (D:2)
4 creatures vanquished.

Grand Total: 78 creatures vanquished

Notes
Turn   | Place    | Note
-------+----------+-------------------------------------------
     0 | D:1      | Cheeritup the Hill Orc Fighter began the quest for the Orb.
     0 | D:1      | Reached XP level 1. HP: 19/19 MP: 1/1
    25 | D:1      | Reached skill level 3 in Axes
    30 | D:1      | Reached XP level 2. HP: 23/26 MP: 2/2
   100 | D:1      | Reached skill level 4 in Axes
   240 | D:1      | Reached XP level 3. HP: 31/31 MP: 3/3
   515 | D:1      | Reached skill level 5 in Axes
   652 | D:2      | HP: 1/31 [kobold (3)]
  1308 | D:2      | Found a faded altar of an unknown god.
  1323 | D:2      | Reached XP level 4. HP: 38/39 MP: 4/4
  1708 | D:3      | Reached skill level 6 in Axes
  1785 | D:3      | Noticed a necrophage
  1797 | D:3      | Killed a necrophage
  1798 | D:3      | Reached skill level 7 in Axes
  1798 | D:3      | Reached XP level 5. HP: 31/45 MP: 5/5
  2334 | D:4      | Noticed technosentience's ghost (amateur TrBe)
  2336 | D:4      | Found a runed translucent gate.
  2337 | D:4      | Found a runed translucent gate.
  2337 | D:4      | Found a runed translucent gate.
  2386 | D:4      | Identified the -2 cloak of Defence {Str-3 Int+2 SInv}
  2624 | D:4      | Noticed a black bear
  3121 | D:5      | Entered Level 5 of the Dungeon
  3301 | D:5      | Reached skill level 8 in Axes
  3301 | D:5      | Reached XP level 6. HP: 37/51 MP: 6/6
  3386 | D:5      | Found a staircase to the Ecumenical Temple.
  3392 | D:5      | Noticed Edmund
  3395 | Temple   | Entered the Ecumenical Temple
  3558 | Temple   | Became a worshipper of Warmaster Okawaru
  4190 | Temple   | HP: 2/51 [Edmund (4)]
  4191 | Temple   | Mangled by Edmund

Illustrated notes

Levels and vault maps discovered:
D:1:      saegor_arrival_simple_d, layout_rooms
D:2:      layout_rooms, shapermc_ecumenical_altar_mp_ritualfount
D:3:      minmay_door_path, layout_rooms
D:4:      layout_layer_cave, gammafunk_ghost_split, minmay_manual_macuahuitl
D:5:      layout_layer_cave, lemuel_doored_altar,
          minmay_temple_entry_drinking_statues, supply_closet_lemuel,
          hangedman_abyss_or_decor_passed, uniq_edmund, uniq_prince_ribbit1,
          uniq_eustachio
Temple:   regret_index_temple_mists

Skill      XL: |  1  2  3  4  5 |
---------------+----------------+-----
Axes           | 3 4 5 7 8 |  8.0
Fighting       | |  3.6
Armour         | |  3.2
Shields        | |  3.2

Action                   |  1- 3 |  4- 6 || total
-------------------------+-------+-------++-------
Melee: War axe           |    86 |    91 ||   177
Throw: Javelin           |       |     8 ||     8
  Use: Potion            |     1 |       ||     1
       Scroll            |       |     9 ||     9
Armor: Scale mail        |    50 |    36 ||    86
Dodge: Dodged            |    43 |    36 ||    79
Block: Buckler           |    23 |    16 ||    39

Table legend: (Time is in decaauts)
 A = Elapsed time spent in this place.
 B = Non-inter-level travel time spent in this place.
 C = Inter-level travel time spent in this place.
 D = Time resting spent in this place.
 E = Time spent auto-exploring this place.
 F = Levels seen in this place.
 G = Mean time per level.
                   A        B        C        D        E       F      G
               +--------+--------+--------+--------+--------+-----+--------+
         Total |   4239 |   3987 |    252 |   1201 |   1953 |   6 |  706.5 |
       Dungeon |   3449 |   3228 |    221 |    601 |   1837 |   5 |  689.8 |
        Temple |    789 |    758 |     31 |    600 |    116 |   1 |  789.0 |
               +--------+--------+--------+--------+--------+-----+--------+

Top non-repeatable levels by time:
     D:4: 938 daAuts
     D:2: 848 daAuts
  Temple: 789 daAuts
     D:3: 723 daAuts
     D:1: 653 daAuts
     D:5: 285 daAuts
